 Dungeon Crawl Stone Soup version bcrawl-1.19.2-6-g6a88ae04c9 (webtiles) character file.

Game seed: 8686144990901360418

98 Mrkan the Shield-Bearer (level 4, -1/40 HPs)
             Began as a Minotaur Fighter on Jan 7, 2020.
             Was an Initiate of Ashenzari.
             Succumbed to Ijyb's poison
             ... on level 3 of the Dungeon.
             The game lasted 00:03:30 (1409 turns).

Mrkan the Shield-Bearer (Minotaur Fighter)          Turns: 1409, Time: 00:03:30

Health: -1/40      AC:  0    Str: 21    XL:     4   Next: 43%
Magic:  3/3        EV: 13    Int:  5    God:    Ashenzari [......]
Gold:   109        SH:  0    Dex: 10    Spells: 3/3 levels left

rFire    . . .     SeeInvis .   (weapon currently unavailable)
rCold    . . .     Gourm    .   (shield currently unavailable)
rNeg     . . .     Faith    .   (armour currently unavailable)
rPois    .         Spirit   .   (helmet currently unavailable)
rElec    .         Reflect  .   (cloak currently unavailable)
rCorr    .         Harm     .   (gloves currently unavailable)
MR       .....                  (boots currently unavailable)
Stlth    +.........             (no amulet)
HPRegen  0.13/turn              (ring currently unavailable)
MPRegen  0.08/turn              (ring currently unavailable)

@: lethally poisoned (-1 -> -16), pig-form, very quick
A: small, (retaliatory headbutt)
a: Curse Item, Renounce Religion


You were on level 3 of the Dungeon.
You worshipped Ashenzari.
Ashenzari was noncommittal.
You were hungry.
You were a filthy swine.
You visited 1 branch of the dungeon, and saw 3 of its levels.

You collected 109 gold pieces.

Inventory:

Hand Weapons
 a - a +0 war axe (melded)
Armour
 b - a +0 scale mail (melded)
 c - a cursed +0 shield (melded)
 e - a cursed +0 cloak (melded)
 o - a cursed +0 pair of gloves (melded)
Jewellery
 g - an uncursed amulet of magic regeneration
 k - a +2 ring of evasion (melded)
 n - an uncursed amulet of guardian spirit
 t - an uncursed ring of fire
Scrolls
 h - 2 scrolls of remove curse {unknown}
 i - 2 scrolls of magic mapping {unknown}
 l - a scroll of identify {unknown}
 m - a scroll of amnesia {unknown}
 r - a scroll of fog {unknown}
 s - a scroll of enchant weapon {unknown}
Potions
 d - a potion of might
 j - 2 potions of curing {unknown}
 p - a potion of flight {unknown}
 q - a potion of heal wounds {unknown}
 v - a potion of haste {unknown}
Comestibles
 f - 8 rations {!d}


   Skills:
 + Level 4.3 Fighting
 * Level 4.1 Axes
 + Level 4.2 Armour
 + Level 4.3 Shields


You had 3 spell levels left.
You didn't know any spells.
Your spell library contained the following spells:

 Spells                   Type           Power        Failure   Level  Hunger
 Beastly Appendage        Tmut           #.....       47%         1    ##.....
 Sticks to Snakes         Tmut           #.......     63%         2    ###....
 Confuse                  Hex            #.......     85%         3    ####...
 Dazzling Spray           Conj/Hex       #.....       85%         3    ####...
 Spider Form              Tmut/Pois      #..          85%         3    ####...
 Ice Form                 Ice/Tmut       #.......     99%         4    #####..
 Petrify                  Tmut/Erth      #.......     99%         4    #####..
 Yara's Violent Unravell  Hex/Tmut       #.........   99%         4    #####..
 Blade Hands              Tmut           #.........   100%        5    ######.
 Metabolic Englaciation   Hex/Ice        #.........   100%        5    ######.
 Mana Rupture             Conj/Hex       #.........   100%        7    #######


Dungeon Overview and Level Annotations

Branches:
Dungeon (3/12)

Altars:
Ashenzari

Annotations:
D:3 Ijyb


Innate Abilities, Weirdness & Mutations

((You reflexively headbutt those who attack you in melee.))
((You have a pair of horns on your head.))


Message History

You feel sick. Ijyb barely misses you.
You closely miss Ijyb.
Ijyb is moderately wounded.
* * * LOW HITPOINT WARNING * * *
You feel sick.
Ijyb zaps a wand.
You extend your transformation's duration.
You hit Ijyb but do no damage.
Ijyb is moderately wounded.
* * * LOW HITPOINT WARNING * * *
You feel sick.
Ijyb hits you with a +1 dagger of venom.
* * * LOW HITPOINT WARNING * * *
You are more poisoned.
You barely miss Ijyb.
Ijyb is moderately wounded.
* * * LOW HITPOINT WARNING * * *
You feel sick.
Ijyb zaps a wand.
You resist with some effort.
You closely miss Ijyb.
Ijyb is moderately wounded.
You die...

#.....................# #...
#.#+##......>.....†...# #...
####...##................# #...
#.......#................####...
#..≈≈..≈≈.≈≈≈...............'...
#≈≈≈≈.≈...≈.≈..#..........###...
#.g≈≈≈≈≈≈≈≈≈...#..........###...
#≈≈≈≈≈≈≈≈≈≈≈≈..##...........####
#≈≈≈≈≈≈≈≈≈≈≈≈≈gh#...........##..
#≈.≈≈≈≈.≈≈≈≈..#.............##..
#≈≈≈≈≈♣_.≈≈≈)≈......)........+..
##.≈≈≈≈.♣.≈≈≈≈)#....######+##.#..
#...≈≈≈g≈≈≈≈≈.≈#....######.##....
#.≈≈≈≈≈≈≈≈≈≈≈....................
#$≈≈≈≈≈≈≈≈≈≈≈≈≈..................
#.....≈.≈≈...≈≈..................
#.≈..≈.≈...≈..≈..................


You could see Ijyb.

Vanquished Creatures
  Natasha (D:3)
  2 oozes (D:2)
  A worm (D:2)
  A dart slug (D:3)
  7 leopard geckos
  An orc (D:3)
  6 bats
  4 giant cockroaches
  4 goblins
  4 hobgoblins
  6 jackals (D:2)
  A quokka (D:2)
  4 frilled lizards
  6 kobolds
  5 rats
53 creatures vanquished.

Notes
Turn   | Place    | Note
-------+----------+-------------------------------------------
     0 | D:1      | Mrkan the Minotaur Fighter began the quest for the Orb.
     0 | D:1      | Reached XP level 1. HP: 19/19 MP: 0/0
   185 | D:1      | Reached XP level 2. HP: 27/27 MP: 1/1
   739 | D:2      | Reached XP level 3. HP: 31/33 MP: 2/2
  1256 | D:3      | Reached XP level 4. HP: 40/40 MP: 3/3
  1269 | D:3      | Noticed Natasha
  1275 | D:3      | Killed Natasha
  1290 | D:3      | Noticed Ijyb
  1292 | D:3      | Found a faded altar of an unknown god.
  1316 | D:3      | Found a shattered altar of Ashenzari.
  1325 | D:3      | Became a worshipper of Ashenzari the Shackled
  1407 | D:3      | HP: 2/40 [Ijyb/+1 dagger of venom (1)]
  1409 | D:3      | Succumbed to Ijyb's poison

Skill      XL: |  1  2  3  4 |
---------------+-------------+-----
Axes           | 3 4 |  4.1
Armour         | 4 |  4.2
Shields        | 4 |  4.3
Fighting       | 4 |  4.3

Action                   |  1- 3 |  4- 6 || total
-------------------------+-------+-------++-------
Melee: War axe           |    95 |    12 ||   107
       Headbutt          |    11 |       ||    11
       Unarmed           |       |    21 ||    21
Invok: Curse Item        |       |     3 ||     3
  Eat: Chunk             |     1 |       ||     1
Armor: Scale mail        |    55 |    12 ||    67
       Skin              |       |     7 ||     7
Dodge: Dodged            |    40 |    35 ||    75
Block: Shield            |    83 |    18 ||   101
